 Dungeon Crawl Stone Soup version 0.19.1 (webtiles) character file.

9230 ImaNewbie the Severer (level 11, -3/84 HPs)
             Began as a Formicid Fighter on Dec 4, 2016.
             Was a High Priest of Qazlal.
             Slain by Sonja
             ... wielding a +2 short sword of distortion
              (11 damage)
             ... on level 12 of the Dungeon.
             The game lasted 00:35:19 (11531 turns).

ImaNewbie the Severer (Formicid Fighter)           Turns: 11531, Time: 00:35:19

Health: -3/84      AC: 15    Str: 26    XL:     11   Next: 70%
Magic:  4/11       EV: 10    Int:  8    God:    Qazlal [*****.]
Gold:   669        SH: 17    Dex: 10    Spells: 0 memorised, 10 levels left

rFire  . . .     SeeInvis +     a - +1 war axe (drain)
rCold  . . .     Gourm    .     G - +3 ring mail
rNeg   . . .     Faith    .     c - +1 shield
rPois  .         Spirit   .     (helmet unavailable)
rElec  .         Reflect  .     R - +0 cloak
rCorr  .         Harm     .     S - +0 pair of gloves
MR     ++...                    w - +0 pair of boots
Stlth  ..........               n - amulet of regeneration
                                z - +2 ring of evasion
                                b - ring of protection from magic

@: lethally poisoned (-3 -> -3), protected from physical damage, repel missiles
A: permanent stasis, dig shafts and tunnels, four strong arms, antennae 3,
blurry vision 1, regeneration 1, strong 1
a: Dig, Shaft Self, Upheaval, Elemental Force, Disaster Area, Renounce Religion


You were on level 12 of the Dungeon.
You worshipped Qazlal.
Qazlal was extremely pleased with you.
You were not hungry.

You visited 1 branch of the dungeon, and saw 12 of its levels.
You also visited: Sewer and Ossuary.

You collected 669 gold pieces.

Inventory:

Hand Weapons
 a - a +1 war axe of draining (weapon)
 u - a +0 blowgun
 O - a +0 giant club
Missiles
 v - 26 poisoned needles
Armour
 c - a +1 shield (worn)
 w - a +0 pair of boots (worn)
 G - a +3 ring mail (worn)
 R - a +0 cloak (worn)
 S - a +0 pair of gloves (worn)
Jewellery
 b - a ring of protection from magic (left hand)
 n - an amulet of regeneration (around neck)
 q - a +2 ring of strength
 z - a +2 ring of evasion (right hand)
Wands
 i - a wand of random effects (22/48)
 t - a wand of confusion (48/48)
 E - a wand of acid (7/15)
 H - a wand of heal wounds (5/9)
 K - a wand of digging (15/24)
 L - a wand of enslavement (12/24)
 M - a wand of polymorph (15/24)
 Q - a wand of polymorph (12/24)
 T - a wand of polymorph (14/24)
 U - a wand of disintegration (11/24)
Scrolls
 j - 5 scrolls of enchant weapon
 l - 2 scrolls of fog
 o - 3 scrolls of fear
 r - 3 scrolls of enchant armour
 y - 5 scrolls of remove curse
 F - 3 scrolls of magic mapping
 J - a scroll of recharging
 V - a scroll of amnesia
 W - 2 scrolls of identify
Potions
 d - 2 potions of might
 e - 2 potions of brilliance
 h - 3 potions of heal wounds
 m - a potion of cure mutation
 p - 2 potions of resistance
 s - 2 potions of cancellation
 x - 4 potions of curing
 B - 4 potions of lignification
 C - a potion of degeneration {unknown}
 D - a potion of agility
Comestibles
 f - 7 bread rations
 g - 2 meat rations
 A - a fruit
 I - 2 slices of pizza
 N - a royal jelly
 P - 2 beef jerkies


   Skills:
 - Level 7.2 Fighting
 + Level 15.7 Axes
 - Level 3.2 Armour
 - Level 3.6 Shields


You had 10 spell levels left.
You didn't know any spells.

Dungeon Overview and Level Annotations

Branches:
Dungeon (12/15)            Temple (0/1) D:5            Lair (0/6) D:11
    Orc (0/2) D:9

Altars:
Cheibriados
Fedhas
Kikubaaqudgha
Makhleb
Okawaru
Qazlal
Ru
Sif Muna
Uskayaw
Xom
Zin

Shops:
D:4 [   D:5 (?(   D:7 :   D:8 }   D:9 }[

Annotations:
D:12 Sonja


Innate Abilities, Weirdness & Mutations

You are under a permanent stasis effect.
You can dig through walls and to a lower floor.
Your four strong arms can wield two-handed weapons with a shield.
You have a pair of large antennae on your head. (SInv)
Scrolls take you a little longer to read.
Your natural rate of healing is unusually fast.
Your muscles are strong. (Str +2)


Message History

Unknown command.
You barely miss Sonja.
Sonja is lightly wounded.
You closely miss the troll. The troll bites you.
You block the troll's attack. x2
Sonja hits you with an uncursed short sword of distortion.
You feel more protected from physical attacks.
Space warps horribly around you! Sonja hits you but does no damage.
Space warps horribly around you!
* * * LOW HITPOINT WARNING * * *
Sonja hits you but does no damage. Space bends around you.
* * * LOW HITPOINT WARNING * * *
You closely miss Sonja.
Sonja is lightly wounded.
Your shield prevents you from hitting the troll.
You feel sick. You block the troll's attack.
The troll claws you but does no damage. x2
Sonja hits you with an uncursed short sword of distortion!
* * * LOW HITPOINT WARNING * * *
Space warps horribly around you!
You die...

#..#.# #..#.#
#).#.###
#######......#
.............####
#######.(........
##.....###
#..K§§.# #§##@###
#.##T# #.##.#
#§##.# #c##§#
#.##)######.
#.<(........
##.(.#####..
######.######


You could see a troll and Sonja.

Vanquished Creatures
  A hill giant (D:11)
  A cyclops (D:11)
  A manticore (D:11)
  The ghost of TheSquall the Carver, a novice MiFi (D:6)
  2 kobold demonologists (D:12)
  A troll (D:9)
  2 hippogriffs
  4 yaks (D:9)
  A basilisk (D:11)
  A hungry ghost (D:11)
  7 orc warriors
  A hornet zombie (D:9)
  2 sky beasts
  A black bear (D:11)
  An ice beast (D:11)
  A necrophage (D:7)
  3 ogres
  4 centaurs
  A crocodile (D:9)
  5 big kobolds
  Blork the orc (D:4)
  3 bullfrogs
  A wyvern zombie (D:6)
  A wyvern skeleton (D:9)
  5 scorpions
  10 killer bees
  A howler monkey (D:5)
  7 wights
  3 crimson imps
  2 bullfrog zombies
  17 orc wizards
  5 orc priests
  2 bullfrog skeletons
  A gnoll shaman (D:7)
  2 hounds
  2 centaur skeletons
  Jessica (D:2)
  Natasha (thrice) (D:4)
  5 iguanas
  10 worker ants
  A killer bee zombie (D:5)
  A hound zombie (D:6)
  2 hound skeletons
  14 mummies (Ossuary)
  2 worker ant zombies
  12 gnolls
  13 adders
  2 howler monkey skeletons
  2 river rats (D:4)
  3 oozes
  2 adder skeletons
  11 worms
  2 dart slugs
  8 leopard geckos
  54 orcs
  4 giant cockroaches
  2 goblins
  12 hobgoblins
  4 jackals
  7 quokkas
  4 ball pythons
  8 bats
  2 frilled lizards
  3 gnoll skeletons (Ossuary)
  3 goblin skeletons (Ossuary)
  20 kobolds
  2 kobold skeletons (Ossuary)
  A quokka skeleton (D:7)
  13 rats
  11 rat skeletons (Ossuary)
348 creatures vanquished.

Notes
Turn   | Place    | Note
-------+----------+-------------------------------------------
     0 | D:1      | ImaNewbie the Formicid Fighter began the quest for the Orb.
     0 | D:1      | Reached XP level 1. HP: 18/18 MP: 1/1
   364 | D:1      | Reached XP level 2. HP: 24/24 MP: 2/2
   472 | D:1      | Reached skill level 3 in Axes
   859 | D:2      | Noticed Jessica
   869 | D:2      | Killed Jessica
   869 | D:2      | Reached XP level 3. HP: 13/29 MP: 3/3
   873 | D:2      | Reached XP level 4. HP: 9/35 MP: 4/4
  1086 | D:2      | Reached skill level 4 in Axes
  1793 | D:1      | HP: 1/35 [gnoll/halberd (6)]
  2093 | D:2      | Reached XP level 5. HP: 40/41 MP: 5/5
  2201 | D:2      | Found an ancient bone altar of Kikubaaqudgha.
  2287 | D:2      | Reached skill level 5 in Axes
  2623 | D:2      | HP: 1/41 [gnoll/halberd (5)]
  2939 | D:2      | Reached XP level 6. HP: 20/47 MP: 6/6
  3131 | D:3      | Reached skill level 6 in Axes
  3549 | D:4      | Found a stormy altar of Qazlal.
  3562 | D:4      | Reached XP level 7. HP: 37/52 MP: 7/7
  3574 | D:4      | Reached skill level 7 in Axes
  3717 | D:4      | Became a worshipper of Qazlal Stormbringer
  3718 | D:4      | Found a glowing drain.
  3741 | Sewer    | Entered a sewer
  4139 | Sewer    | Reached skill level 8 in Axes
  4303 | Sewer    | Gained mutation: Scrolls take you a little longer to read. [potion of mutation]
  4303 | Sewer    | Gained mutation: Your natural rate of healing is unusually fast. [potion of mutation]
  4303 | Sewer    | Gained mutation: Your muscles are strong. (Str +2) [potion of mutation]
  4350 | D:4      | Found Ithit's Antique Armour Emporium.
  4489 | D:4      | Reached XP level 8. HP: 44/58 MP: 8/8
  4497 | D:4      | Noticed Natasha
  4505 | D:4      | Killed Natasha
  4693 | D:4      | Noticed Blork the orc
  4708 | D:4      | Killed Blork the orc
  4708 | D:4      | Reached skill level 9 in Axes
  4802 | D:4      | Noticed Natasha
  4807 | D:4      | Killed Natasha
  5000 | D:4      | Noticed Natasha
  5008 | D:4      | Killed Natasha
  5024 | D:5      | Entered Level 5 of the Dungeon
  5072 | D:5      | Reached * piety under Qazlal
  5074 | D:5      | Found a snail-covered altar of Cheibriados.
  5232 | D:5      | Found Oty Jich's Antique Weapon Emporium.
  5267 | D:5      | Found a sacrificial altar of Ru.
  5334 | D:5      | Found Hucwahot's Magic Scroll Shop.
  5366 | D:5      | Reached skill level 10 in Axes
  5424 | D:5      | Found Ofror's Antique Weapon Shop.
  5462 | D:5      | Found a deep blue altar of Sif Muna.
  5613 | D:5      | Found a staircase to the Ecumenical Temple.
  5894 | D:6      | Reached XP level 9. HP: 44/65 MP: 9/9
  6128 | D:6      | Noticed TheSquall's ghost (novice MiFi)
  6142 | D:6      | Killed TheSquall's ghost
  6142 | D:6      | Reached skill level 5 in Fighting
  6656 | D:7      | Found Gyaturemn's Book Shop.
  6704 | D:7      | Reached ** piety under Qazlal
  6820 | D:7      | Reached skill level 11 in Axes
  6952 | D:7      | Found a burning altar of Makhleb.
  6954 | D:7      | Found a glowing silver altar of Zin.
  6954 | D:7      | Noticed a balrug
  6954 | D:7      | Noticed an angel
  7327 | D:7      | Found an iron altar of Okawaru.
  7783 | D:8      | Reached XP level 10. HP: 61/79 MP: 10/10
  7861 | D:8      | Found Juinnoef's Gadget Boutique.
  7896 | D:8      | Reached *** piety under Qazlal
  7910 | D:8      | Found a hide-covered altar of Uskayaw.
  7910 | D:8      | Found a blossoming altar of Fedhas.
  7910 | D:8      | Found a shimmering altar of Xom.
  7927 | D:8      | Found a sand-covered staircase.
  7934 | D:8      | Reached skill level 12 in Axes
  7948 | Ossuary  | Entered an ossuary
  8162 | Ossuary  | Reached **** piety under Qazlal
  8628 | D:9      | Found Hudexzaedgh's Gadget Boutique.
  8693 | D:9      | Found a staircase to the Orcish Mines.
  8703 | D:9      | Reached skill level 13 in Axes
  9028 | D:9      | Reached ***** piety under Qazlal
  9081 | D:9      | Found Zumyimm's Armour Shop.
  9410 | D:10     | Entered Level 10 of the Dungeon
  9426 | D:10     | Reached skill level 14 in Axes
  9426 | D:10     | Reached XP level 11. HP: 84/84 MP: 11/11
 10599 | D:11     | Found a staircase to the Lair.
 10649 | D:11     | Noticed a manticore
 10661 | D:11     | Killed a manticore
 10863 | D:11     | Noticed a hill giant
 10868 | D:11     | Killed a hill giant
 10868 | D:11     | Reached skill level 15 in Axes
 10885 | D:11     | Noticed a cyclops
 10902 | D:11     | Killed a cyclops
 11445 | D:12     | Noticed a sun demon
 11499 | D:12     | Noticed Sonja
 11531 | D:12     | Slain by Sonja

Skill      XL: |  1  2  3  4  5  6  7  8  9 10 11 |
---------------+----------------------------------+-----
Axes           | 3 4 5 6 8 10 11 14 15 | 15.7
Fighting       | 4 7 |  7.2
Armour         | |  3.2
Shields        | |  3.6

Action                   |  1- 3 |  4- 6 |  7- 9 | 10-12 || total
-------------------------+-------+-------+-------+-------++-------
Melee: War axe           |    85 |   209 |   388 |   439 ||  1121
Invok: Upheaval          |       |       |       |     3 ||     3
       Elemental Force   |       |       |       |     1 ||     1
 Abil: Dig               |       |       |     2 |       ||     2
  Use: Scroll            |       |     5 |    11 |     6 ||    22
       Potion            |       |       |     4 |       ||     4
 Stab: Distracted        |       |       |     1 |       ||     1
  Eat: Chunk             |       |     9 |    14 |    13 ||    36
Armor: Scale mail        |    42 |    83 |    85 |       ||   210
       Ring mail         |       |       |     8 |    79 ||    87
Dodge: Dodged            |    27 |    94 |    86 |    71 ||   278
       Deflected         |       |       |       |     4 ||     4
Block: Shield            |    58 |   109 |   212 |   277 ||   656
